 Dungeon Crawl Stone Soup version 0.25-a0-194-gece12570e2 (webtiles) character file.

Game seed: 1867574621192411801, levelgen mode: deterministic

1964 sazatina the Schismatic (level 9, -3/68 HPs)
             Began as a Demonspawn Abyssal Knight on Nov 30, 2019.
             Was an Elder of Lugonu.
             Slain by a sky beast (6 damage)
             ... on level 4 of the Dungeon.
             The game lasted 00:10:19 (8308 turns).

sazatina the Schismatic (Demonspawn Abyssal Knight) Turns: 8308, Time: 00:10:19

Health: -3/68      AC: 10    Str: 16    XL:     9   Next: 0%
Magic:  13/15      EV: 12    Int: 14    God:    Lugonu [****..]
Gold:   260        SH:  0    Dex: 12    Spells: 8/8 levels left

rFire    + . .     SeeInvis .   a - +1 falchion
rCold    . . .     Gourm    .   (no shield)
rNeg     . . .     Faith    .   p - +0 ring mail
rPois    .         Spirit   .   (helmet restricted)
rElec    .         Reflect  .   l - +0 cloak
rCorr    .         Harm     .   (no gloves)
MR       .....                  (no boots)
Stlth    +.........             (no amulet)
HPRegen  0.21/turn              (no ring)
MPRegen  0.14/turn              (no ring)

@: no status effects
A: antennae 2, yellow scales 2, fire resistance 1
a: Depart the Abyss, Bend Space, Banish, Corrupt, Renounce Religion


You were on level 4 of the Dungeon.
You worshipped Lugonu.
Lugonu was greatly pleased with you.
You were near starving.

You visited 1 branch of the dungeon, and saw 5 of its levels.
You visited the Abyss 1 time.

You collected 299 gold pieces.
You spent 39 gold pieces at shops.

Inventory:

Hand Weapons
 a - a +1 falchion (weapon)
 b - a +1 dagger of electrocution
Armour
 l - a +0 cloak (worn)
 p - a +0 ring mail (worn)
Jewellery
 t - an uncursed amulet of the gourmand {unknown}
 x - an uncursed ring of wizardry {unknown}
Scrolls
 d - 4 scrolls of teleportation
 f - a scroll of fog {unknown}
 g - 2 scrolls of enchant armour {unknown}
 i - a scroll of magic mapping {unknown}
 m - a scroll of noise {unknown}
 n - 2 scrolls of immolation {unknown}
 q - 5 scrolls of remove curse
 s - a scroll of identify
 u - 2 scrolls of blinking {unknown}
Potions
 e - 2 potions of brilliance
 j - a potion of lignification
 k - a potion of degeneration {unknown}
 o - a potion of agility
 w - a potion of magic {unknown}
Comestibles
 c - 11 rations


   Skills:
 + Level 5.0 Fighting
 - Level 6.1 Long Blades
 + Level 4.1 Armour
 + Level 3.7 Dodging
 - Level 9.0 Invocations


You had 8 spell levels left.
You didn't know any spells.
Your spell library contained the following spells:

 Spells                   Type           Power        Failure   Level  Hunger
 Sting                    Conj/Pois      #...         45%         1    ##.....
 Poisonous Vapours        Pois/Air       #.....       61%         2    ###....
 Mephitic Cloud           Conj/Pois/Air  #.......     83%         3    ####...
 Olgreb's Toxic Radiance  Pois           #.......     99%         4    #####..
 Venom Bolt               Conj/Pois      #.........   100%        5    ######.


Dungeon Overview and Level Annotations

Branches:
Dungeon (5/15)             Temple (0/1) D:4

Altars:
Hepliaklqana
Nemelex Xobeh
Qazlal
Trog
Uskayaw
Wu Jian
The Shining One

Shops:
D:4 **=(


Innate Abilities, Weirdness & Mutations

You have a pair of antennae on your head.
You are mostly covered in yellow scales. (AC +3)
Your flesh is heat resistant. (rF+)


Message History

Reactivating autopickup.
The sky beast hits you but does no damage.
You hit the sky beast.
The sky beast is moderately wounded.
The sky beast hits you but does no damage.
The sky beast flickers out of sight!
Deactivating autopickup; reactivate with Ctrl-A.
Space bends around you!
You blink.
Space bends around you!
You blink.
A sky beast appears from thin air!
Reactivating autopickup.
The sky beast closely misses you.
You riposte.
You miss the sky beast.
The sky beast is moderately wounded.
Space bends around you!
You blink.
The sky beast flickers out of sight!
Deactivating autopickup; reactivate with Ctrl-A.
Something hits you.
* * * LOW HITPOINT WARNING * * *
Something shocks you.
You die...

..####.##.###.#######..#..###.###
.## ##........# #..##..###....
.####.).....### #.####........
#...........########.# #......#.
..#)..###..##........# #..♣...##
.#).#.....##........## ##♣.∩.♣.##
...##.)..##..........###...♣....<
#####...(##..........##..########
#....##.....@.......##
#............{...####
#....##..........########
♣♣....##................# #
###♣..............#######.####
#♣#∩#♣..#...#........#####.....#
.♣#'#♣...#.#..........>.≈.>....#
#♣♣.♣♣....>..........#####.....#
#......#.#.........# #######


There were no monsters in sight!

Vanquished Creatures
  Sigmund (D:2)
  A hungry ghost (D:5)
  An ice beast (D:5)
  4 ogres
  3 phantoms (D:5)
  A scorpion (D:4)
  A howler monkey (D:5)
  A crimson imp (D:5)
  3 hounds
  A jelly (D:5)
  2 orc wizards (D:5)
  Crazy Yiuf (D:3)
  A gnoll shaman (D:3)
  A worker ant (D:4)
  Natasha (thrice) (D:2)
  5 adders
  32 gnolls
  A river rat (D:4)
  An ufetubus (Abyss:1)
  2 oozes
  3 worms
  5 dart slugs
  6 leopard geckos
  4 orcs
  A ball python (D:1)
  8 bats
  A bat zombie (D:1)
  17 giant cockroaches
  8 goblins
  6 hobgoblins
  26 jackals
  5 kobolds
  9 frilled lizards
  A jackal skeleton (D:4)
  A jackal zombie (D:1)
  5 rats
172 creatures vanquished.

Notes
Turn   | Place    | Note
-------+----------+-------------------------------------------
     0 | Abyss:1  | sazatina the Demonspawn Abyssal Knight began the quest for
                  | the Orb.
     0 | Abyss:1  | Reached XP level 1. HP: 18/18 MP: 2/2
    46 | Abyss:1  | Noticed a large abomination
    51 | Abyss:1  | Noticed a large abomination
    70 | Abyss:1  | Noticed a spatial vortex
    96 | Abyss:1  | Noticed a rakshasa
   101 | Abyss:1  | Noticed a catoblepas
   104 | D:1      | Escaped the Abyss
   199 | D:1      | Gained mutation: Your flesh is heat resistant. (rF+)
                  | [demonic ancestry]
   199 | D:1      | Reached XP level 2. HP: 24/24 MP: 3/3
   445 | D:1      | Reached * piety under Lugonu
   630 | D:1      | Reached XP level 3. HP: 27/29 MP: 4/4
  1382 | D:2      | Found a transporter.
  1397 | D:2      | Found a hazy altar of Hepliaklqana.
  1465 | D:2      | Noticed Sigmund
  1567 | D:2      | Found a stormy altar of Qazlal.
  2025 | D:2      | Reached ** piety under Lugonu
  2032 | D:2      | Gained mutation: You are partially covered in yellow
                  | scales. (AC +2) [demonic ancestry]
  2032 | D:2      | Reached XP level 4. HP: 26/35 MP: 5/5
  2120 | D:2      | Killed Sigmund
  2120 | D:2      | Reached skill level 5 in Long Blades
  2120 | D:2      | Gained mutation: You have a pair of small antennae on your
                  | head. [demonic ancestry]
  2120 | D:2      | Reached XP level 5. HP: 9/41 MP: 6/6
  2515 | D:2      | Found a transporter.
  2545 | D:2      | Noticed Natasha
  2550 | D:2      | Killed Natasha
  2571 | D:2      | Found a bloodstained altar of Trog.
  2646 | D:2      | Noticed Natasha
  2655 | D:2      | Killed Natasha
  2655 | D:2      | Gained mutation: You have a pair of antennae on your head.
                  | [demonic ancestry]
  2655 | D:2      | Reached XP level 6. HP: 47/47 MP: 7/7
  2849 | D:2      | Noticed Natasha
  2957 | D:2      | Killed Natasha
  3402 | D:3      | Reached skill level 3 in Invocations
  3505 | D:3      | Found an ornate altar of the Wu Jian Council.
  3514 | D:2      | Reached *** piety under Lugonu
  3817 | D:3      | Found a hide-covered altar of Uskayaw.
  3927 | D:3      | Found a glowing golden altar of the Shining One.
  3958 | D:3      | Found a sparkling altar of Nemelex Xobeh.
  4063 | D:3      | Reached skill level 4 in Invocations
  4896 | D:3      | Reached skill level 5 in Invocations
  4920 | D:3      | Gained mutation: You are mostly covered in yellow scales.
                  | (AC +3) [demonic ancestry]
  4920 | D:3      | Reached XP level 7. HP: 52/52 MP: 10/10
  4960 | D:3      | Reached skill level 6 in Invocations
  5166 | D:3      | Reached **** piety under Lugonu
  5193 | D:3      | Reached skill level 7 in Invocations
  5857 | D:3      | Found a runed translucent door.
  5858 | D:3      | Noticed Crazy Yiuf
  5865 | D:3      | Killed Crazy Yiuf
  5910 | D:4      | Found Amasy's Antique Weapon Emporium.
  5912 | D:4      | Reached skill level 8 in Invocations
  6380 | D:4      | Found a staircase to the Ecumenical Temple.
  6453 | D:4      | Reached XP level 8. HP: 53/58 MP: 14/14
  6458 | D:4      | Reached skill level 9 in Invocations
  6594 | D:4      | Found Weloifut's General Store.
  6604 | D:4      | Reached skill level 1 in Dodging
  6861 | D:4      | Found Kime's Jewellery Boutique.
  7127 | D:4      | Bought a scroll of teleportation for 39 gold pieces
  7267 | D:4      | Found Jahaon's Assorted Antiques.
  7292 | D:5      | Entered Level 5 of the Dungeon
  8234 | D:5      | Reached skill level 5 in Fighting
  8234 | D:5      | Reached XP level 9. HP: 28/68 MP: 15/15
  8308 | D:4      | HP: 3/68 [something (4)]
  8308 | D:4      | Slain by a sky beast

Levels and vault maps discovered:
D:1:      saegor_arrival_fortress, layout_loops_ring
D:2:      minmay_roachtagon, layout_rooms, nicolae_overflow_crystal_walls,
          gammafunk_temple_overflow_arena, overflow_temple_1_default,
          uniq_natasha, uniq_sigmund
D:3:      lemuel_castle_with_subvaults [lemuel_castle_interior_carwin_2],
          layout_basic, old_standard_altar, lemuel_doored_altar,
          nemelex_altar_shiori, lemuel_round_altar, uniq_crazy_yiuf_cottage
D:4:      layout_rooms, minmay_temple_entry_crystal_x, serial_shops,
          kennysheep_mini_moat, nicolae_shop_trees,
          nicolae_shop_window_shopping, nicolae_shop_behind_doors, first_ration,
          gup_sewer_entry_spiral
D:5:      layout_gridville, gammafunk_temple_overflow_statue,
          saegor_snake_ambush, uniq_menkaure

Skill      XL: |  1  2  3  4  5  6  7  8 |
---------------+-------------------------+-----
Long Blades    | 2 3 5 6 |  6.1
Invocations    | 5 8 9 |  9.0
Dodging        | 3 |  3.7
Armour         | 4 |  4.1
Fighting       | 5 |  5.0

Action                   |  1- 3 |  4- 6 |  7- 9 || total
-------------------------+-------+-------+-------++-------
Melee: Falchion          |   117 |    50 |     8 ||   175
       Dagger            |       |   215 |   370 ||   585
Invok: Depart the Abyss  |     1 |       |       ||     1
       Bend Space        |       |       |     3 ||     3
  Use: Potion            |       |     5 |     2 ||     7
       Scroll            |       |     5 |       ||     5
 Stab: Distracted        |       |       |     1 ||     1
  Eat: Chunk             |     4 |     9 |    15 ||    28
Armor: Leather armour    |    28 |       |       ||    28
       Ring mail         |    23 |   172 |   142 ||   337
       Skin              |       |     3 |       ||     3
Dodge: Dodged            |    87 |   199 |   150 ||   436
       Rpst.: Falchion   |    28 |     8 |     1 ||    37

Table legend:
 A = Non-vault XP
 B = Vault XP
 C = Vault XP percentage of total XP
 D = Non-vault monster count
 E = Vault monster count
 F = Vault count percentage of total count
                 A         B        C        D         E       F
            +---------+---------+-------+---------+---------+-------
      Total |    1813 |     993 |  35.4 |      96 |      76 |  44.2
            +---------+---------+-------+---------+---------+-------
        D:1 |      38 |       5 |  11.6 |      15 |       3 |  16.7
        D:2 |     132 |     295 |  69.1 |      28 |      16 |  36.4
        D:3 |      58 |     637 |  91.7 |      22 |      49 |  69.0
        D:4 |     346 |      56 |  13.9 |      12 |       8 |  40.0
        D:5 |    1231 |       0 |   0.0 |      18 |       0 |   0.0
    Abyss:1 |       8 |       0 |   0.0 |       1 |       0 |   0.0
            +---------+---------+-------+---------+---------+-------
